 Dungeon Crawl Stone Soup version 0.30.1-11-g7821555f0a (webtiles) character file.

Game seed: 16228786829847281250

3882 Eitelfritz the Zephyrmancer (level 10, -1/50 HPs)
             Began as a Tengu Air Elementalist on Oct 27, 2023.
             Was a Priest of Hepliaklqana.
             Hit by a large rock thrown by a cyclops (18 damage)
             ... on level 8 of the Dungeon.
             The game lasted 00:25:46 (9152 turns).

Eitelfritz the Zephyrmancer (TeAE)                  Turns: 9152, Time: 00:25:46

Health: -1/50      AC:  6    Str: 11    XL:     10   Next: 19%
Magic:  19/21      EV: 15    Int: 18    God:    Hepliaklqana [***...]
Gold:   419        SH:  0    Dex: 14    Spells: 8/23 levels left

rFire   . . .        a - +6 quarterstaff (freeze)
rCold   . . .        (shield currently unavailable)
rNeg    . . .        u - +3 leather armour {Will+}
rPois   .            (helmet restricted)
rElec   .            (no cloak)
rCorr   .            (no gloves)
SInv    +            (boots unavailable)
Will    +....        (no amulet)
Stlth   ++           e - ring of see invisible
HPRegen 0.28/turn    p - ring of wizardry
MPRegen 0.17/turn

%: wizardry (x1)
@: flying quickly and evasively, quick
A: reduced essence, beak, talons 3, nimble flight
a: Renounce Religion, Recall Ancestor, Ancestor Identity, Transference


You were on level 8 of the Dungeon.
You worshipped Hepliaklqana.
Hepliaklqana was most pleased with you.
You visited 2 branches of the dungeon, and saw 9 of its levels.
You also visited: Ossuary.

You collected 519 gold pieces.
You spent 100 gold pieces at shops.

Inventory:

Hand Weapons
 a - a +6 quarterstaff of freezing (weapon)
 s - a +0 spear
Missiles
 k - 17 poisoned darts
 B - a throwing net
 I - 2 boomerangs
Armour
 u - a +3 leather armour of willpower (worn)
Jewellery
 e - a ring of see invisible (left hand)
 h - a ring of positive energy
 m - a ring of ice
 n - a ring of positive energy
 p - a ring of wizardry (right hand)
Wands
 q - a wand of charming (8)
 x - a wand of roots (11)
 y - a wand of polymorph (3)
 H - a wand of acid (11)
Scrolls
 g - a scroll of fear
 j - a scroll of amnesia
 l - 2 scrolls of teleportation
 r - a scroll of enchant armour
 C - a scroll of fog
 E - a scroll of poison
Potions
 b - 3 potions of magic
 c - 5 potions of heal wounds
 d - 2 potions of mutation {unknown}
 f - 2 potions of attraction {unknown}
 i - 3 potions of haste
 o - 3 potions of resistance {unknown}
 t - 3 potions of curing {unknown}
 v - 3 potions of lignification
 w - a potion of might {unknown}
 z - a potion of brilliance {unknown}
 A - a potion of cancellation {unknown}
 D - 2 potions of invisibility {unknown}
 F - 2 potions of berserk rage {unknown}


   Skills:
 + Level 3.0 Fighting
 + Level 0.4(2.9) Polearms
 + Level 4.7 Staves
 + Level 3.3 Armour
 + Level 4.0 Dodging
 + Level 3.6 Stealth
 + Level 1.2 Unarmed Combat
 + Level 7.2 Spellcasting
 + Level 7.5 Conjurations
 + Level 9.5 Air Magic
 + Level 2.8 Poison Magic


You had 8 spell levels left.
You knew the following spells:

 Your Spells              Type           Power      Damage    Failure   Level
a - Shock                 Conj/Air       100%       1d9       1%          1
b - Static Discharge      Conj/Air       74%        2-6/arc   1%          2
c - Poisonous Vapours     Pois/Air       56%        N/A       1%          2
d - Swiftness             Air            40%        N/A       1%          3
e - Mephitic Cloud        Conj/Pois/Air  30%        N/A       1%          3
f - Airstrike             Air            20%        2d(3-19)  1%          4

Your spell library contained the following spells:

 Spells                   Type           Power      Damage    Failure   Level
 Vhi's Electric Charge    Tloc/Air       46%        N/A       2%          3
 Stone Arrow              Conj/Erth      40%        3d9       3%          3
 Arcjolt                  Conj/Air       18%        1d28      4%          5
 Freezing Cloud           Conj/Ice/Air   13%        6-21      14%         5
 Animate Armour           Summ/Erth      12%        N/A       45%         4
 Plasma Beam              Fire/Air       11%        2x1d24    71%         6
 Lehudib's Crystal Spear  Conj/Erth      10%        10d4      100%        8


Dungeon Overview and Level Annotations

Branches:
Dungeon (8/15)             Temple (1/1) D:5         Ossuary (visited)
   Lair: D:8-11

Altars:
Ashenzari
Cheibriados
Dithmenos
Elyvilon
Gozag
Hepliaklqana
Kikubaaqudgha
Makhleb
Nemelex Xobeh
Okawaru
Qazlal
Ru
Sif Muna
Trog
Wu Jian
Xom
Zin
The Shining One

Shops:
D:5 [


Innate Abilities, Weirdness & Mutations

Your life essence is reduced to manifest your ancestor. (-10% HP)
You have a beak for a mouth.
You have claws for feet.
Your magical nature lets you fly swiftly and evasively.


Message History

Casting: Poisonous Vapours (safe; 1% risk of failure)
Confirm with . or Enter, or press ? or * to list all spells.
Aiming: Poisonous Vapours (safe; 1% risk of failure)
Press: ? - help, Dir - move target, f/p - Joseph
Aim: Joseph, wielding a +2 sling of flaming and wearing a +0 leather armour (heavily wounded, poisoned) Poisonous vapours surround Joseph!
Joseph looks even sicker.
Joseph shoots a sling bullet.
The sling bullet barely misses you.
Unknown command.
Casting: Poisonous Vapours (safe; 1% risk of failure)
Confirm with . or Enter, or press ? or * to list all spells.
Aiming: Poisonous Vapours (safe; 1% risk of failure)
Press: ? - help, Dir - move target, f/p - Joseph
Aim: Joseph, wielding a +2 sling of flaming and wearing a +0 leather armour (heavily wounded, very poisoned) Poisonous vapours surround Joseph!
Joseph looks as sick as possible!
Joseph shouts, "I love to fight!
I love killing!"
Joseph shoots a sling bullet.
The sling bullet hits you! The sling bullet burns you.
Unknown command.
Casting: Poisonous Vapours (safe; 1% risk of failure)
Confirm with . or Enter, or press ? or * to list all spells.
Aiming: Poisonous Vapours (safe; 1% risk of failure)
Press: ? - help, Dir - move target, f/p - Joseph
Aim: Joseph, wielding a +2 sling of flaming and wearing a +0 leather armour (severely wounded, extremely poisoned) Poisonous vapours surround Joseph!
Joseph looks as sick as possible!
Joseph shoots a sling bullet.
The sling bullet closely misses you.
Joseph shoots a sling bullet.
The sling bullet hits you!!
* * * LOW HITPOINT WARNING * * *
The sling bullet burns you.
* * * LOW HITPOINT WARNING * * *
You start resting.
You feel a bit more experienced.
Your Fighting skill increases to level 3!
You start resting.
Taribatum emerges from the mists of memory!
You start resting.
A cyclops is nearby!
You swap places.
The cyclops throws a large rock.
The large rock barely misses Taribatum.
The large rock hits you!!
You die...

..._...^.#....####
.......#.####....#### .......#.#
####....# .$.?. #.#
####.############ ###^####.#
#............# .........#
###..........# ......#####
#..........#
##....[...###########..........#
##...###.......@..R...........#
#...# ####....#####C.........#
##### ####.# #?.........#
#)#####..........#
#.......@.#.#######
#########....)@)... ###)###....
#.# #...# #.###..##


You could see the friendly Taribatum the knight and a cyclops (ally target).

Vanquished Creatures
  Pikel (D:5)
  Joseph (D:8)
  A shadow (D:7)
  A water moccasin (D:6)
  A sky beast (D:8)
  A black bear (D:6)
  2 ice beasts
  An ogre (D:6)
  2 centaurs
  A kobold brigand (D:5)
  2 phantoms
  2 elf zombies (Ossuary)
  A bullfrog (D:7)
  2 scorpions (D:4)
  A gnoll sergeant (D:5)
  2 human zombies
  2 hounds
  A sleepcap (D:6)
  4 human skeletons (D:7)
  Natasha (D:4)
  An iguana (D:4)
  2 orc wizards
  2 mummies (Ossuary)
  6 gnolls
  2 adders (D:6)
  A white imp (D:5)
  2 ufetubi
  An adder zombie (Ossuary)
  4 worms
  2 dart slugs
  10 orcs
  4 endoplasms
  5 giant cockroaches
  5 hobgoblins
  7 jackals (D:1)
  6 quokkas
  3 ball pythons
  9 bats
  7 frilled lizards
  6 goblins
  9 hobgoblin zombies (Ossuary)
  A jackal zombie (Ossuary)
  8 kobolds
  10 kobold zombies (Ossuary)
  2 orc zombies (Ossuary)
  3 rats (D:1)
148 creatures vanquished.

Vanquished Creatures (collateral kills)
  A two-headed ogre (D:6)
  A lemure (D:5)
  A phantom (D:5)
  A bullfrog (D:7)
  A gnoll sergeant (D:8)
  A centaur zombie (Ossuary)
  2 hounds (D:5)
  2 human zombies
  An iguana (D:5)
  Natasha (twice) (D:4)
  An orc wizard (D:5)
  3 gnolls
  An adder (D:4)
  A worm (D:4)
  2 orcs
  A quokka (D:5)
  A hobgoblin zombie (Ossuary)
  A kobold (D:5)
  5 kobold zombies (Ossuary)
  2 orc zombies (Ossuary)
  A butterfly (D:7)
32 creatures vanquished.

Vanquished Creatures (others)
  A knight (D:8)
1 creature vanquished.

Grand Total: 181 creatures vanquished

Notes
Turn   | Place    | Note
-------+----------+-------------------------------------------
     0 | D:1      | Eitelfritz the Tengu Air Elementalist began the quest for
                  | the Orb.
     0 | D:1      | Reached XP level 1. HP: 10/10 MP: 4/4
   245 | D:1      | Reached XP level 2. HP: 15/15 MP: 1/6
   701 | D:1      | Reached XP level 3. HP: 15/19 MP: 0/7
   865 | D:1      | Found a faded altar of an unknown god.
  1477 | D:2      | Found a hazy altar of Hepliaklqana.
  1488 | D:2      | Became a worshipper of Hepliaklqana the Forgotten
  1975 | D:2      | Reached XP level 4. HP: 23/24 MP: 1/8
  2157 | D:2      | Learned a level 2 spell: Static Discharge
  2305 | D:3      | Reached skill level 5 in Air Magic
  2314 | D:3      | Noticed a phantom
  2415 | D:3      | Killed a phantom
  2416 | D:3      | Reached skill level 1 in Fighting
  2416 | D:3      | Reached skill level 1 in Unarmed Combat
  2416 | D:3      | Gained mutation: Your magical nature lets you fly swiftly
                  | and evasively. [Tengu growth]
  2416 | D:3      | Reached XP level 5. HP: 29/29 MP: 3/10
  2509 | D:3      | Reached * piety under Hepliaklqana
  2580 | D:3      | Learned a level 2 spell: Poisonous Vapours
  2846 | D:3      | Learned a level 3 spell: Swiftness
  3123 | D:3      | Noticed an angel
  3124 | D:3      | Found a glowing silver altar of Zin.
  3370 | D:4      | Reached XP level 6. HP: 30/30 MP: 4/12
  3653 | D:4      | Reached ** piety under Hepliaklqana
  3678 | D:4      | Reached skill level 6 in Air Magic
  3678 | D:4      | Remembered your ancestor Taribatum as a knight
  3755 | D:4      | Noticed Natasha
  3762 | D:4      | Killed Natasha
  3782 | D:4      | Noticed Natasha
  3786 | D:4      | Killed Natasha
  3890 | D:4      | Noticed Natasha
  3893 | D:4      | Killed Natasha
  4232 | D:5      | Entered Level 5 of the Dungeon
  4291 | D:5      | Reached XP level 7. HP: 24/34 MP: 7/13
  4496 | D:5      | Noticed Pikel
  4514 | D:5      | Killed Pikel
  4515 | D:5      | Reached skill level 5 in Spellcasting
  4515 | D:5      | Reached skill level 5 in Conjurations
  4515 | D:5      | Reached skill level 7 in Air Magic
  4515 | D:5      | Reached XP level 8. HP: 38/38 MP: 6/16
  4637 | D:5      | Learned a level 3 spell: Mephitic Cloud
  4699 | D:5      | Found a snail-covered altar of Cheibriados.
  4908 | D:5      | Found a staircase to the Ecumenical Temple.
  5182 | D:5      | Reached skill level 8 in Air Magic
  5182 | D:5      | Reached skill level 1 in Poison Magic
  5324 | D:5      | Found Zeuci's Antique Armour Shoppe.
  5327 | D:5      | Bought a runed leather armour for 100 gold pieces
  5343 | D:5      | Learned a level 4 spell: Airstrike
  5473 | D:5      | Found a faded altar of an unknown god.
  5474 | D:5      | Found a hazy altar of Hepliaklqana.
  5510 | Temple   | Entered the Ecumenical Temple
  6143 | D:6      | Reached skill level 1 in Armour
  6314 | D:6      | Reached skill level 1 in Staves
  6314 | D:6      | Reached XP level 9. HP: 43/43 MP: 15/19
  6902 | D:6      | Noticed a two-headed ogre
  6910 | D:6      | Killed a two-headed ogre
  6911 | D:6      | Reached skill level 9 in Air Magic
  7261 | D:7      | Reached *** piety under Hepliaklqana
  7465 | D:7      | Found a sand-covered staircase.
  7477 | Ossuary  | Entered an ossuary
  7671 | Ossuary  | HP: 2/44 [elf zombie (5)]
  7995 | D:7      | Reached XP level 10. HP: 49/49 MP: 21/21
  8204 | D:7      | Found a shimmering altar of Xom.
  8230 | D:7      | Found a bloodstained altar of Trog.
  9013 | D:8      | Found a shadowy altar of Dithmenos.
  9076 | D:8      | Noticed Joseph
  9082 | D:8      | Noticed a cyclops
  9130 | D:8      | Killed Joseph
  9152 | D:8      | Hit by a large rock thrown by a cyclops

Illustrated notes

Levels and vault maps discovered:
D:1:      lightli_arrival_windingriver, layout_loops_ring,
          ebering_ecumenical_altar_mist
D:2:      layout_rooms, basic_altar
D:3:      layout_basic, zin_angel, minmay_splitting_lines
D:4:      layout_loops_ring, uniq_natasha
D:5:      layout_loops_ring, beargit_hepliaklqana_dungeon_heroes,
          old_standard_altar, minmay_temple_entry_large_hall, serial_shops,
          nicolae_shop_real_fake_doors, uniq_pikel
D:6:      layout_loops_ring, kennysheep_small_spiral, hex_large,
          minmay_small_thing
D:7:      layout_cave_pods, xom_butterflies, trog_three_pillars_becter,
          nicolae_ossuary_entry_catacombs
D:8:      layout_rooms, amcnicky_altar_gilded, lemuel_tele_altar,
          nicolae_overflow_hidden_temple, minmay_sticks_and_stones, uniq_joseph
Temple:   nicolae_temple_slightly_damp_pantheon

Skill      XL: |  1  2  3  4  5  6  7  8  9 10 |
---------------+-------------------------------+-----
Conjurations   | 2 3 4 5 6 7 |  7.5
Air Magic      | 5 6 7 8 9 |  9.5
Fighting       | 1 2 3 |  3.0
Unarmed Combat | 1 |  1.2
Spellcasting   | 3 5 6 7 |  7.2
Stealth        | 3 |  3.6
Dodging        | 3 4 |  4.0
Poison Magic   | 1 2 |  2.8
Armour         | 1 3 |  3.3
Staves         | 1 3 4 |  4.7
Polearms       | |  0.4

Action                     |  1- 3 |  4- 6 |  7- 9 | 10-12 || total
---------------------------+-------+-------+-------+-------++-------
  Melee: Unarmed           |    38 |     4 |       |       ||    42
         Kick              |    11 |     1 |    34 |     7 ||    53
         Peck              |     4 |       |    24 |     4 ||    32
         Punch             |     1 |       |       |       ||     1
         Quarterstaff      |       |       |    77 |    17 ||    94
         Spear             |       |       |    13 |       ||    13
   Cast: Shock             |   102 |    85 |   100 |     9 ||   296
         Poisonous Vapours |       |     3 |    21 |     8 ||    32
         Static Discharge  |       |       |    10 |       ||    10
 Invoke: Recall Ancestor   |       |     1 |     2 |       ||     3
         Ancestor Life: Kn |       |     1 |       |       ||     1
    Use: Scroll            |       |    10 |     3 |     3 ||    16
   Stab: Sleeping          |       |     1 |     2 |       ||     3
         Distracted        |       |       |     1 |       ||     1
 Armour: Robe              |     8 |     1 |     4 |       ||    13
         Leather armour    |       |       |    23 |     6 ||    29
  Dodge: Dodged            |    36 |     7 |    66 |    21 ||   130
